 Dungeon Crawl Stone Soup version 0.31-a0-889-g1a8549509d (webtiles) character file.

Game seed: 2807528577151004252

217 Kuronicle the Insei (level 5, 0/63 HPs)
             Began as a Demigod Shapeshifter on Oct 16, 2023.
             Succumbed to Crazy Yiuf's poison
             ... on level 3 of the Dungeon.
             The game lasted 00:05:53 (2405 turns).

Kuronicle the Insei (Demigod Shapeshifter)          Turns: 2405, Time: 00:05:53

Health: 0/63       AC: 22    Str: 19    XL:     5   Next: 35%
Magic:  4/7        EV:  2    Int: 12    God:
Gold:   153        SH:  0    Dex: 17    Spells: 4/4 levels left

rFire   . .          .
                       - Unarmed
rCold   . . .        (no shield)
rNeg    . . .        g - melded +0 chain mail
rPois   +            (helmet currently unavailable)
rElec   .            i - melded +0 cloak
rCorr   .            (gloves currently unavailable)
SInv    .            (boots currently unavailable)
Will    .....        f - amulet of the acrobat
Stlth   ++           h - +6 ring of strength
HPRegen 0.30/turn    (no ring)
MPRegen 0.10/turn

%: acrobat, clarity
@: agile, lethally poisoned (0 -> -6), tree-form
A: stationary, stasis, torment immunity, boosted hp, high MP 1, forlorn, divine
attributes, clarity, weak 1, noise suppression
a: no special abilities


You were on level 3 of the Dungeon.
You were a tree.
You visited 1 branch of the dungeon, and saw 3 of its levels.

You collected 153 gold pieces.

Inventory:

Hand Weapons
 k - a +0 heavy mace
 l - a +2 mace of protection
Armour
 g - a +0 chain mail (melded)
 i - a +0 cloak (melded)
Jewellery
 f - an amulet of the acrobat (around neck)
 h - a +6 ring of strength (left branch)
Talismans
 c - a beast talisman
 d - a flux talisman
Scrolls
 a - a scroll of noise {unknown}
 m - a scroll of identify
Potions
 b - a potion of lignification


   Skills:
 * Level 2.3 Fighting
 + Level 1.7 Armour
 * Level 2.2 Dodging
 + Level 3.8 Unarmed Combat
 * Level 3.6 Shapeshifting


You had 4 spell levels left.
You didn't know any spells.
Your spell library contained the following spells:

 Spells                   Type           Power      Damage    Failure   Level
 Slow                     Hex            0%         N/A       32%         1
 Poisonous Vapours        Pois/Air       0%         N/A       45%         2
 Confusing Touch          Hex            0%         N/A       69%         3
 Mephitic Cloud           Conj/Pois/Air  0%         N/A       69%         3
 Sigil of Binding         Hex            0%         N/A       69%         3
 Vampiric Draining        Necr           0%         2d6       69%         3
 Freezing Cloud           Conj/Ice/Air   0%         6-21      100%        5


Dungeon Overview and Level Annotations

Branches:
Dungeon (3/15)


Innate Abilities, Weirdness & Mutations

You are a tree.
Your roots penetrate the ground, keeping you stationary.
You cannot be teleported.
You are immune to unholy pain and torment.
Your maximum health is greatly increased.
Your equipment is partially melded.
You have an increased reservoir of magic. (+10% MP)
You shall have no god before yourself.
Your divine heritage dramatically boosts your attributes as you level up.
You possess an exceptional clarity of mind.
You are weak. (Str -2)
You passively dampen the noise of your surroundings.


Message History

You barely miss Crazy Yiuf.
Crazy Yiuf is moderately wounded.
Crazy Yiuf closely misses you.
You punch Crazy Yiuf!
Crazy Yiuf is severely wounded.
Crazy Yiuf hits you but does no damage.
You feel agile all of a sudden.
You hit Crazy Yiuf.
Crazy Yiuf is severely wounded.
Crazy Yiuf hits you with a +4 quarterstaff of chaos.
You are poisoned.
You hit Crazy Yiuf.
Crazy Yiuf is almost dead.
You feel very sick.
Crazy Yiuf whimpers, "Lay!
Key sing foot."
Crazy Yiuf hits you with a +4 quarterstaff of chaos.
You feel your power leaking away.
You hit Crazy Yiuf but do no damage.
Crazy Yiuf is almost dead.
You feel sick.
Crazy Yiuf hits you with a +4 quarterstaff of chaos!
* * * LOW HITPOINT WARNING * * *
You hit Crazy Yiuf.
You kill Crazy Yiuf!
* * * LOW HITPOINT WARNING * * *
You feel very sick.
Your transformation has ended.
Your +0 cloak unmelds from your body.
You turn into a tree.
Your +0 cloak melds into your body.
Your +0 chain mail melds into your body.
Your roots penetrate the ground.
* * * LOW HITPOINT WARNING * * *
You feel sick.
There is a lethal amount of poison in your body!
There is a lethal amount of poison in your body!
There is a lethal amount of poison in your body!
As you read the scroll labelled ICOELOAGIL, it crumbles to dust.
It is a scroll of amnesia.
You feel forgetful for a moment.
You die...

###### #....# #...##
#...# #...#
####...##♣♣ ###
#.......#P♣♣ ♣♣#..)#
#..........♣♣♣♣♣)...#
#...........♣..♣#...#
##.......#..♣.♣♣♣ ###
.)......##♣♣♣♣♣
#)......#
#.......#########
#....)..........#
##..............###
....######........#


There were no monsters in sight!

Vanquished Creatures
  A scorpion (D:3)
  Crazy Yiuf (D:3)
  Jessica (D:2)
  Terence (D:2)
  2 adders (D:3)
  A worm (D:2)
  7 orcs (D:3)
  3 bats
  3 endoplasms
  3 goblins
  5 hobgoblins
  5 jackals
  A quokka (D:3)
  6 ball pythons
  5 frilled lizards
  4 kobolds
  6 rats
55 creatures vanquished.

Notes
Turn   | Place    | Note
-------+----------+-------------------------------------------
     0 | D:1      | Kuronicle the Demigod Shapeshifter began the quest for the
                  | Orb.
     0 | D:1      | Reached XP level 1. HP: 15/15 MP: 3/3
   197 | D:1      | Reached skill level 1 in Fighting
   522 | D:1      | Reached XP level 2. HP: 22/23 MP: 4/4
   897 | D:2      | Noticed Jessica
   909 | D:2      | Killed Jessica
   910 | D:2      | Reached XP level 3. HP: 11/28 MP: 5/5
  1030 | D:2      | Noticed Terence
  1048 | D:2      | Killed Terence
  1049 | D:2      | Reached skill level 1 in Armour
  1314 | D:2      | Reached XP level 4. HP: 36/36 MP: 6/6
  1582 | D:2      | Gained mutation: You are weak. (Str -2) [potion of
                  | mutation]
  1582 | D:2      | Gained mutation: You possess an exceptional clarity of
                  | mind. [potion of mutation]
  1582 | D:2      | Gained mutation: You passively dampen the noise of your
                  | surroundings. [potion of mutation]
  1980 | D:3      | Reached XP level 5. HP: 41/41 MP: 7/7
  2322 | D:3      | Found a runed translucent door.
  2323 | D:3      | Noticed Crazy Yiuf
  2403 | D:3      | Killed Crazy Yiuf
  2403 | D:3      | HP: 1/41 [poisoned by Crazy Yiuf]
  2405 | D:3      | Succumbed to Crazy Yiuf's poison

Illustrated notes

Levels and vault maps discovered:
D:1:      psy_arrival_whirlpool, layout_loops_corners
D:2:      layout_rooms, uniq_terence, uniq_jessica
D:3:      layout_basic, mainiacjoe_overflow_paths, serial_bayou_pond_d,
          uniq_crazy_yiuf_cottage

Skill      XL: |  1  2  3  4 |
---------------+-------------+-----
Fighting       | 1 2 |  2.3
Shapeshifting  | 3 |  3.6
Unarmed Combat | 3 |  3.8
Armour         | 1 |  1.7
Dodging        | 2 |  2.2

Action                     |  1- 3 |  4- 6 || total
---------------------------+-------+-------++-------
  Melee: Unarmed           |    82 |   105 ||   187
         Punch             |     3 |     2 ||     5
    Use: Scroll            |     4 |     3 ||     7
         Potion            |       |     2 ||     2
 Armour: Scale mail        |    55 |    24 ||    79
         Ring mail         |     2 |       ||     2
         Chain mail        |       |    37 ||    37
  Dodge: Dodged            |    51 |    35 ||    86
         Form:             |     1 |       ||     1
         Beast             |     1 |       ||     1

Table legend: (Time is in decaauts)
 A = Elapsed time spent in this place.
 B = Non-inter-level travel time spent in this place.
 C = Inter-level travel time spent in this place.
 D = Time resting spent in this place.
 E = Time spent auto-exploring this place.
 F = Levels seen in this place.
 G = Mean time per level.
                   A        B        C        D        E       F      G
               +--------+--------+--------+--------+--------+-----+--------+
         Total |   2401 |   2290 |    111 |    252 |   1568 |   3 |  800.3 |
       Dungeon |   2401 |   2290 |    111 |    252 |   1568 |   3 |  800.3 |
               +--------+--------+--------+--------+--------+-----+--------+

Top non-repeatable levels by time:
     D:1: 877 daAuts
     D:3: 810 daAuts
     D:2: 713 daAuts
